 Dungeon Crawl Stone Soup version 0.31.0-32-g396128a36d (webtiles) character file.

Game seed: 15140033501951444210

127 monsoonserge the Sneak (level 5, -1/31 HPs)
             Began as an Octopode Hedge Wizard on Mar 16, 2024.
             Hit by a boomerang thrown by an orc (6 damage)
             ... on level 5 of the Dungeon.
             The game lasted 00:09:01 (2557 turns).

monsoonserge the Sneak (Octopode Hedge Wizard)      Turns: 2557, Time: 00:09:02

Health: -1/31      AC:  1    Str:  9    XL:     5   Next: 11%
Magic:  7/9        EV: 13    Int: 18    God:
Gold:   182        SH:  0    Dex: 12    Spells: 3/10 levels left

rFire   . . .        l - +3 spear
rCold   . . .        (no shield)
rNeg    . . .        b - +0 hat
rPois   .            k - amulet of the acrobat
rElec   .            (no ring)
rCorr   .            (no ring)
SInv    .            (no ring)
Will    +....        (no ring)
Stlth   +++          (no ring)
HPRegen 0.25/turn    (no ring)
MPRegen 0.11/turn    (no ring)
                     (no ring)

%: acrobat
@: enlightened, flying
A: almost no armour, amphibious, 8 rings, camouflage 1, gelatinous body 1,
(nimble swimmer 1), tentacles
a: no special abilities


You were on level 5 of the Dungeon.
You visited 1 branch of the dungeon, and saw 5 of its levels.

You collected 206 gold pieces.
You spent 24 gold pieces at shops.

Inventory:

Hand Weapons
 a - a +0 dagger
 e - a +0 short sword
 l - a +3 spear (weapon)
Missiles
 m - 7 javelins (quivered)
 p - 2 poisoned darts
 t - 6 curare-tipped darts
Armour
 b - a +0 hat (worn)
Jewellery
 k - an amulet of the acrobat (around mantle)
Wands
 v - a wand of digging (7)
Scrolls
 d - a scroll of fear
 f - 4 scrolls of identify
 h - a scroll of vulnerability {unknown}
 i - a scroll of torment {unknown}
 j - a scroll of immolation {unknown}
 n - 2 scrolls of fog {unknown}
 r - a scroll of revelation {unknown}
 s - a scroll of enchant armour {unknown}
 u - a scroll of teleportation {unknown}
Potions
 c - a potion of magic
 g - a potion of berserk rage {unknown}
 o - a potion of enlightenment


   Skills:
 + Level 0.1 Fighting
 - Level 0.4 Short Blades
 + Level 1.5 Polearms
 + Level 2.8 Dodging
 + Level 3.6 Stealth
 + Level 3.2 Spellcasting
 + Level 1.9 Conjurations
 * Level 1.9 Summonings
 * Level 1.5 Translocations


You had 3 spell levels left.
You knew the following spells:

 Your Spells              Type           Power      Damage    Failure   Level
a - Magic Dart            Conj           36%        1d4       8%          1
b - Blink                 Tloc           16%        N/A       13%         2
c - Cigotuvi's Dreadful   Necr/Alch/Air  4%         N/A       24%         2
d - Call Imp              Summ           18%        N/A       11%         2

Your spell library contained the following spells:

 Spells                   Type           Power      Damage    Failure   Level
 Slow                     Hex            8%         N/A       16%         1
 Ensorcelled Hibernation  Hex/Ice        4%         N/A       24%         2
 Mephitic Cloud           Conj/Alch/Air  5%         N/A       36%         3
 Passwall                 Erth           2%         N/A       43%         3
 Swiftness                Air            2%         N/A       43%         3


Dungeon Overview and Level Annotations

Branches:
Dungeon (6/15)
 Temple: D:4-7

Altars:
Fedhas
Xom

Shops:
D:1 =   D:3 *!!=

Annotations:
D:6 1 runed translucent door, PaiMei's ghost, novice TeAE


Innate Abilities, Weirdness & Mutations

You cannot wear most types of armour.
You are amphibious.
You can wear up to eight rings at the same time.
Your skin changes colour to match your surroundings (Stealth+).
Your rubbery body absorbs attacks. (AC +1, EV +1)
((You are camouflaged when in or above water. (Stealth+)))
You have tentacles for arms and can constrict up to eight enemies at once.


Message History

The phantom closely misses you.
There is a stone staircase leading up here.
The phantom hits you. The orc barely misses you.
The howler monkey hoots and howls with incredible vigour!
The orc shouts!
You hear an angry hiss.
You hear a croak.
You climb upwards.
You hear the sound of rushing water.
There is an entrance to a sewer on this level.
Hurry and find it before the portal rusts away!
Found 6 boomerangs.
Found a blossoming altar of Fedhas.
There is a stone staircase leading down here.
The orc hits you with a +1 flail of holy wrath.
The phantom attacks as it pursues you! The phantom closely misses you.
You hit the phantom but do no damage. The phantom barely misses you.
You miss the phantom. The phantom hits you.
The phantom blinks!
You blink.
Casting: Call Imp (safe; 11% risk of failure)
Confirm with . or Enter, or press ? or * to list all spells.
A tiny devil pulls itself out of the air.
The phantom hits you!
Unknown command.
You hit the phantom.
The phantom is lightly damaged.
The phantom hits you.
The orc throws a boomerang.
The boomerang barely misses you.
You hit the phantom. Your squeeze misses the phantom.
The phantom is moderately damaged.
The phantom hits you!
* * * LOW HITPOINT WARNING * * *
The orc hits the plant with a +0 dagger.
The plant begins to die.
Your cerulean imp barely misses the phantom.
Okay, then.
Okay, then.
It was a potion of enlightenment.
You feel very buoyant.
You fly up into the air.
The phantom closely misses you.
Your cerulean imp misses the phantom.
It was a potion of curing.
You feel better. The phantom hits you!
* * * LOW HITPOINT WARNING * * *
The orc throws a boomerang.
The boomerang hits you.
You die...

.# #######.#
#######.....#.#
#......WP.P...#
#.....@.o_..#.#
....(..o5P.P...#
##............#
.........>###.#
##........# #.#
#........# #.#
#...###### #.#
.... #.. . ...


You could see a phantom (ally target), 2 orcs and a friendly cerulean imp
(summoned).

Vanquished Creatures
  A sleepcap (D:6)
  4 adders (D:2)
  4 orcs (D:3)
  A ball python (D:3)
  2 endoplasms
  4 giant cockroaches
  5 goblins
  10 hobgoblins
  4 jackals (D:1)
  5 kobolds
  A quokka (D:1)
  6 bats
  7 rats
54 creatures vanquished.

Notes
Turn   | Place    | Note
-------+----------+-------------------------------------------
     0 | D:1      | monsoonserge the Octopode Hedge Wizard began the quest for
                  | the Orb.
     0 | D:1      | Reached XP level 1. HP: 11/11 MP: 4/4
   369 | D:1      | Reached XP level 2. HP: 9/17 MP: 3/6
   410 | D:1      | Learned a level 2 spell: Blink
   413 | D:1      | Learned a level 2 spell: Cigotuvi's Dreadful Rot
   416 | D:1      | Learned a level 2 spell: Call Imp
   472 | D:1      | Found Evav's Jewellery Boutique.
  1122 | D:2      | Reached XP level 3. HP: 17/21 MP: 4/7
  1394 | D:2      | Reached XP level 4. HP: 27/27 MP: 4/8
  2058 | D:3      | Found Vaenwoch's Jewellery Shop.
  2120 | D:3      | Found Kounisis's Assorted Antiques.
  2136 | D:3      | Bought a golden potion for 24 gold pieces
  2164 | D:3      | Found Xefeseod's Distillery.
  2364 | D:3      | Found Vufianut's Distillery.
  2400 | D:3      | You fall into a shaft and drop 3 floors!
  2420 | D:6      | Noticed a sky beast
  2439 | D:6      | Reached skill level 1 in Polearms
  2439 | D:6      | Reached XP level 5. HP: 14/31 MP: 5/9
  2531 | D:6      | Found a runed translucent door.
  2531 | D:6      | Found a shimmering altar of Xom.
  2531 | D:6      | Noticed a +2 hand axe of chaos
  2531 | D:6      | Noticed PaiMei's ghost (novice TeAE)
  2536 | D:6      | Noticed a phantom
  2537 | D:6      | Noticed an orc warrior
  2545 | D:5      | Entered Level 5 of the Dungeon
  2545 | D:5      | Found a blossoming altar of Fedhas.
  2557 | D:5      | Hit by a boomerang thrown by an orc

Illustrated notes

Levels and vault maps discovered:
D:1:      amcnicky_arrival_gap_in_the_tavern_cellar, layout_loops_corners,
          serial_shops, nicolae_shop_waterfront
D:2:      layout_basic, minivault_19
D:3:      layout_loops_ring, serial_shops, shop, nicolae_shop_trees, shop,
          shop_coins
D:5:      layout_rooms, fedhas_altar_1, minmay_temple_entry_glassed_door,
          cheibrodos_sewer_entry_sluice
D:6:      layout_basic, zin_angel, ebering_ghost_xom

Skill      XL: |  1  2  3  4 |
---------------+-------------+-----
Stealth        | 3 |  3.6
Polearms       | 1 |  1.5
Fighting       | |  0.1
Short Blades   | |  0.4
Dodging        | |  2.8
Spellcasting   | |  3.2
Conjurations   | |  1.9
Summonings     | |  1.9
Translocations | |  1.5

Action                     |  1- 3 |  4- 6 || total
---------------------------+-------+-------++-------
  Melee: Short sword       |    22 |       ||    22
         Dagger            |     4 |       ||     4
         Constrict         |    13 |     9 ||    22
         Tentacles         |    10 |     9 ||    19
         Spear             |    24 |    56 ||    80
   Cast: Magic Dart        |    24 |     8 ||    32
         Call Imp          |       |     2 ||     2
    Use: Scroll            |       |     1 ||     1
         Potion            |       |     2 ||     2
   Stab: Sleeping          |     2 |     7 ||     9
 Armour: Skin              |    27 |    25 ||    52
  Dodge: Dodged            |    30 |    28 ||    58
